 Dungeon Crawl Stone Soup version 0.31.0-9-g3a7656b989 (webtiles) character file.

Game seed: 5168628580932423755

266 qw the Shooter (level 6, -5/30 HPs)
             Began as a Spriggan Hunter on Feb 2, 2024.
             Was an Initiate of Okawaru.
             Slain by a black bear (7 damage)
             ... on level 4 of the Dungeon.
             The game lasted 00:00:11 (2728 turns).

qw the Shooter (Spriggan Hunter)                    Turns: 2728, Time: 00:00:11

Health: -5/30      AC:  2    Str: 13    XL:     6   Next: 0%
Magic:  7/7        EV: 25    Int: 11    God:    Okawaru [......]
Gold:   250        SH:  0    Dex: 20    Spells: 5/5 levels left

rFire   . . .        f - +1 shortbow (freeze)
rCold   . . .        (shield currently unavailable)
rNeg    . . .        c - +0 robe
rPois   .            (helmet restricted)
rElec   .            (no cloak)
rCorr   .            (gloves unavailable)
SInv    +            (boots unavailable)
Will    +....        (no amulet)
Stlth   ++           i - +6 ring of strength
HPRegen 0.25/turn    j - +5 ring of evasion
MPRegen 0.10/turn

%: no passive effects
@: about to teleport, very quick
A: very small, no large weapons, unfitting armour, see invisible, speed 3
a: Renounce Religion


You were on level 4 of the Dungeon.
You worshipped Okawaru.
Okawaru was noncommittal.
You visited 1 branch of the dungeon, and saw 4 of its levels.

You collected 250 gold pieces.


Innate Abilities, Weirdness & Mutations

You are very small and have problems with some larger weapons.
You are too small for most types of armour.
You have supernaturally acute eyesight. (SInv)
You cover ground extremely quickly. (Speed+++)


   Skills:
 - Level 2.1 Fighting
 - Level 6.0 Ranged Weapons
 + Level 5.3 Dodging
 - Level 1.5 Stealth


You had 5 spell levels left.
You didn't know any spells.
Your spell library was empty.

Inventory:

Hand Weapons
 f - a +1 shortbow of freezing (weapon)
Armour
 c - a +0 robe (worn)
Jewellery
 i - a +6 ring of strength (left hand)
 j - a +5 ring of evasion (right hand)
Scrolls
 d - a scroll of enchant armour
Potions
 b - a potion of curing {unknown}
 g - a potion of attraction {unknown}
 h - a potion of might {unknown}

Dungeon Overview and Level Annotations

Branches:
Dungeon (4/15)
 Temple: D:4-7

Altars:
Cheibriados
Fedhas
Gozag
Makhleb
Okawaru
Trog
Uskayaw
Vehumet


Message History

The black bear is heavily wounded.
You shoot an arrow.
The arrow hits the black bear but does no damage.
The black bear is heavily wounded.
The black bear closely misses you. The black bear claws you.
The black bear misses you.
You shoot an arrow. The arrow hits the black bear!
The arrow freezes the black bear.
The black bear is almost dead.
The black bear bites you. The black bear barely misses you.
The black bear completely misses you.
You shoot an arrow.
The arrow closely misses the black bear.
The black bear goes berserk!
You shoot an arrow.
The arrow closely misses the black bear.
The black bear closely misses you. The black bear claws you.
The black bear completely misses you. The black bear misses you. x3
You shoot an arrow.
The arrow closely misses the black bear.
The black bear misses you. The black bear completely misses you.
The black bear closely misses you. The black bear misses you.
The black bear completely misses you. The black bear barely misses you.
You shoot an arrow. The arrow barely misses the black bear.
The black bear barely misses you. The black bear misses you.
The black bear claws you.
You shoot an arrow.
The arrow completely misses the black bear.
The black bear bites you but does no damage.
The black bear claws you. The black bear claws you! The black bear misses you.
The black bear completely misses you. The black bear claws you.
2727 ||| READING scroll of teleportation.
As you read the scroll of teleportation, it crumbles to dust.
You feel strangely unstable.
The black bear closely misses you. x2; The black bear completely misses you.
You shoot an arrow.
The arrow closely misses the black bear.
The black bear closely misses you. The black bear claws you.
The black bear claws you!
You die...

## ### .####### #.# .......#
..# (#####.# #.# .# #.#
###h### .# #.# #.#..@..#
'#####.#####.#.#.#.#?
...........#.#.#.#.#.#
...###.#.###.#.#.#.#.#
...#.......#.#.#.#.#.#
...#.#.#.#.#.#.#.#.#.#####
...#.#.#.#.#.#.#.#.#.#...
...#.#.#.#.....#.#>#.#.#####
...#.#.#.#...###.#.#.......#


You could see a black bear (berserk).

Vanquished Creatures
  2 hounds
  3 orc wizards
  3 adders
  A dart slug (D:2)
  A ribbon worm (D:2)
  19 orcs
  A ball python (D:3)
  5 endoplasms
  6 giant cockroaches
  9 goblins
  4 hobgoblins
  2 jackals (D:2)
  2 quokkas
  5 bats
  2 frilled lizards
  11 kobolds
  2 rats (D:1)
78 creatures vanquished.

Notes
Turn   | Place    | Note
-------+----------+-------------------------------------------
     0 | D:1      | qw the Spriggan Hunter began the quest for the Orb.
     0 | D:1      | Reached XP level 1. HP: 10/10 MP: 2/2
     0 | D:1      | 0 ||| qw: Version: 0.3-a-155-g5e7d8dd
     0 | D:1      | 0 ||| qw: Game counter: 852
     0 | D:1      | 0 ||| qw: Melee chars always use a shield: true
     0 | D:1      | 0 ||| qw: God list: Okawaru
     0 | D:1      | 0 ||| qw: Allow faded altars: false
     0 | D:1      | 0 ||| qw: Do Orc after clearing Dungeon:15 true
     0 | D:1      | 0 ||| qw: Do second Lair branch before Depths: true
     0 | D:1      | 0 ||| qw: Lair rune preference: random
     0 | D:1      | 0 ||| qw: Goals: Normal
     0 | D:1      | 0 ||| PLANNING D:1-11
   108 | D:1      | Reached skill level 3 in Dodging
   263 | D:1      | Reached XP level 2. HP: 14/14 MP: 3/3
   758 | D:1      | 758 ||| UPGRADING to +6 ring of strength.
   759 | D:1      | 759 ||| READING 2 scrolls labelled ZAUBID NIREFF.
   763 | D:1      | 763 ||| READING scroll labelled WIZUSI GYQU.
   764 | D:1      | 764 ||| READING scroll labelled YRAEKH DAMM.
   764 | D:1      | 764 ||| ENCHANTING +0 shortbow.
   765 | D:1      | 765 ||| READING 2 scrolls labelled UME ZEYCOKORINEAPN.
   765 | D:1      | 765 ||| IDENTIFYING sapphire potion
   766 | D:1      | 766 ||| DROPPING scroll of butterflies.
   767 | D:1      | 767 ||| DROPPING potion of brilliance.
   925 | D:2      | Reached XP level 3. HP: 18/18 MP: 4/4
  1545 | D:2      | 1545 ||| UPGRADING to +5 ring of evasion.
  1546 | D:2      | 1546 ||| READING 2 scrolls of identify.
  1546 | D:2      | 1546 ||| IDENTIFYING fuming green potion
  1547 | D:2      | 1547 ||| READING scroll of identify.
  1547 | D:2      | 1547 ||| IDENTIFYING fizzy golden potion
  1548 | D:2      | 1548 ||| READING scroll labelled YPLOROP BIMA.
  1549 | D:2      | 1549 ||| READING 3 scrolls labelled HAONTYNOCW.
  1550 | D:2      | 1550 ||| READING scroll labelled ONKIDW IMOST.
  1550 | D:2      | 1550 ||| ENCHANTING +0 shortbow.
  1551 | D:2      | 1551 ||| DROPPING potion of berserk rage.
  1552 | D:2      | 1552 ||| DROPPING 2 scrolls of immolation.
  1553 | D:2      | 1553 ||| DROPPING potion of invisibility.
  1615 | D:3      | Reached skill level 5 in Ranged Weapons
  1615 | D:3      | Reached XP level 4. HP: 21/22 MP: 5/5
  1912 | D:3      | Found an iron altar of Okawaru.
  1912 | D:3      | Found a hide-covered altar of Uskayaw.
  1913 | D:3      | 1913 ||| PLANNING OKAWARU WORSHIP
  1914 | D:3      | 1914 ||| READING scroll labelled SENEDU YNGOOT.
  1915 | D:3      | 1915 ||| READING scroll labelled UGEPOFA FIARU.
  1919 | D:3      | Found a blossoming altar of Fedhas.
  1920 | D:3      | Became a worshipper of Warmaster Okawaru
  1921 | D:3      | 1921 ||| PLANNING D:1-11
  1926 | D:3      | Found a burning altar of Makhleb.
  1928 | D:3      | Found a radiant altar of Vehumet.
  1929 | D:3      | Found a snail-covered altar of Cheibriados.
  1932 | D:3      | Found an opulent altar of Gozag.
  1939 | D:3      | Found a bloodstained altar of Trog.
  2065 | D:3      | Reached XP level 5. HP: 23/26 MP: 6/6
  2314 | D:3      | 2314 ||| READING scroll labelled QIOCOH OHUCAKO.
  2315 | D:3      | 2315 ||| READING scroll labelled KUGEKH LIOPH.
  2315 | D:3      | Identified a scroll of acquirement
  2315 | D:3      | 2315 ||| ACQUIRING +1 shortbow of freezing
  2315 | D:3      | Acquired a +1 shortbow of freezing
  2317 | D:3      | 2317 ||| SWAPPING to +1 shortbow of freezing.
  2318 | D:3      | 2318 ||| DROPPING +1 shortbow.
  2666 | D:4      | Reached skill level 6 in Ranged Weapons
  2670 | D:4      | Reached XP level 6. HP: 30/30 MP: 7/7
  2726 | D:4      | HP: 5/30 [black bear (5)]
  2727 | D:4      | 2727 ||| READING scroll of teleportation.
  2728 | D:4      | HP: 2/30 [black bear (4)]
  2728 | D:4      | Slain by a black bear

Levels and vault maps discovered:
D:1:      tarquinn_simple_flora_water_d, layout_basic, serial_curves,
          eino_curves_04, eino_curves_03, eino_curves_04, eino_curves_03
D:2:      layout_basic
D:3:      layout_loops_ring, nicolae_overflow_hallway_of_the_gods
D:4:      layout_basic, kennysheep_vampire_church, serial_glass,
          glass_columns_b, glass_columns_a, glass_columns_a, glass_columns_c

Skill      XL: |  1  2  3  4  5 |
---------------+----------------+-----
Dodging        | 3 4 5 |  5.3
Ranged Weapons | 5 6 |  6.0
Fighting       | 2 |  2.1
Stealth        | |  1.5

Action                     |  1- 3 |  4- 6 || total
---------------------------+-------+-------++-------
   Fire: Shortbow          |   133 |   110 ||   243
    Use: Scroll            |     9 |     5 ||    14
 Armour: Robe              |    17 |    12 ||    29
  Dodge: Dodged            |    58 |    55 ||   113

Table legend:
 A = Non-vault XP
 B = Vault XP
 C = Vault XP percentage of total XP
 D = Non-vault monster count
 E = Vault monster count
 F = Vault count percentage of total count
                 A         B        C        D         E       F
            +---------+---------+-------+---------+---------+-------
      Total |     381 |       0 |   0.0 |      78 |       0 |   0.0
            +---------+---------+-------+---------+---------+-------
        D:1 |      38 |       0 |   0.0 |      23 |       0 |   0.0
        D:2 |      38 |       0 |   0.0 |      13 |       0 |   0.0
        D:3 |     174 |       0 |   0.0 |      32 |       0 |   0.0
        D:4 |     131 |       0 |   0.0 |      10 |       0 |   0.0
            +---------+---------+-------+---------+---------+-------
